 Dungeon Crawl Stone Soup version 0.29.1-1-gd02db6906a (webtiles) character file.

Game seed: 4439165640919874305

84 hawla the Firebug (level 4, 0/24 HPs)
             Began as a Deep Elf Fire Elementalist on Oct 19, 2022.
             Slain by a goblin
             ... wielding a +0 dagger of electrocution
              (1 damage)
             ... on level 2 of the Dungeon.
             The game lasted 00:06:26 (2630 turns).

hawla the Firebug (Deep Elf Fire Elementalist)      Turns: 2630, Time: 00:06:29

Health: 0/24       AC:  3    Str:  3    XL:     4   Next: 23%
Magic:  8/11       EV: 12    Int: 22    God:
Gold:   86         SH:  0    Dex: 15    Spells: 7/10 levels left

rFire   . . .      SeeInvis .   g - +0 quarterstaff
rCold   + . .      Faith    .   (shield currently unavailable)
rNeg    . . .      Spirit   .   a - +0 robe
rPois   .          Reflect  .   (no helmet)
rElec   .          Harm     .   (no cloak)
rCorr   .          Rampage  .   i - +0 pair of gloves
Will    .....                   (no boots)
Stlth   ++........              (no amulet)
HPRegen 0.08/turn               (no ring)
MPRegen 0.12/turn               (no ring)

@: no status effects
A: cold resistance 1, weak 1, MP-powered wands
a: no special abilities


You were on level 2 of the Dungeon.
You visited 1 branch of the dungeon, and saw 3 of its levels.

You collected 86 gold pieces.

Inventory:

Hand Weapons
 g - a +0 quarterstaff (weapon)
Armour
 a - a +0 robe (worn)
 i - a +0 pair of gloves (worn)
Jewellery
 n - a ring of poison resistance
 s - a ring of flight
Scrolls
 d - a scroll of identify {unknown}
 k - a scroll of teleportation
 l - a scroll of torment {unknown}
 p - a scroll of fear {unknown}
 q - a scroll of amnesia {unknown}
Potions
 b - a potion of magic
 c - a potion of resistance {unknown}
 e - a potion of mutation
 f - a potion of heal wounds {unknown}
 h - a potion of flight {unknown}
 j - a potion of cancellation {unknown}
 m - a potion of curing {unknown}
 o - a potion of haste {unknown}
 r - a potion of might {unknown}


   Skills:
 + Level 2.5 Dodging
 + Level 2.9 Stealth
 + Level 3.6 Spellcasting
 + Level 2.4 Conjurations
 + Level 4.5 Fire Magic


You had 7 spell levels left.
You knew the following spells:

 Your Spells              Type           Power      Damage    Failure   Level
a - Foxfire               Conj/Fire      76%        2x1d7     2%          1
b - Scorch                Fire           46%        2d7       2%          2

Your spell library contained the following spells:

 Spells                   Type           Power      Damage    Failure   Level
 Conjure Flame            Conj/Fire      19%        6-21      9%          3
 Sandblast                Erth           6%         2d5       12%         1
 Inner Flame              Hex/Fire       13%        N/A       14%         3
 Passwall                 Tmut/Erth      2%         N/A       19%         2
 Stone Arrow              Conj/Erth      18%        3d8       22%         3
 Flame Wave               Conj/Fire      19%        2d7       28%         4
 Cause Fear               Hex            1%         N/A       75%         4
 Discord                  Hex            1%         N/A       100%        8


Dungeon Overview and Level Annotations

Branches:
Dungeon (3/15)

Altars:

Shops:
D:1 *   D:2 [


Innate Abilities, Weirdness & Mutations

Your flesh is cold resistant. (rC+)
You are weak. (Str -2)
You expend magic power (3 MP) to strengthen your wands.


Message History

You conjure some foxfire!
The goblin shouts!
The goblin hits you with a +0 club. The goblin barely misses you.
The goblin misses you.
Your foxfire dissipates!
The foxfire hits the hobgoblin.
The hobgoblin is severely wounded.
The goblin attacks as you move away! The goblin hits you but does no damage.
The goblin hits you with a +0 club. The goblin attacks as you move away!
The goblin hits you but does no damage. The goblin hits you with a +0 dagger.
There is a stone staircase leading up here.
The goblin hits you but does no damage. The goblin barely misses you. x2
You climb upwards.
There is a stone staircase leading down here.
Casting: Foxfire (safe; 2% risk of failure)
Confirm with . or Enter, or press ? or * to list all spells.
There is not enough space to conjure foxfire!
Casting: Foxfire (safe; 2% risk of failure)
Confirm with . or Enter, or press ? or * to list all spells.
Flames lash the goblin.
You kill the goblin!
The goblin hits you with a +0 dagger of electrocution.
The goblin barely misses you.
Unknown command.
Casting: Scorch (safe; 2% risk of failure)
Confirm with . or Enter, or press ? or * to list all spells.
You conjure some foxfire!
The goblin hits you with a +0 dagger of electrocution.
You are electrocuted!
Ouch! That really hurt!
* * * LOW HITPOINT WARNING * * *
The goblin misses you.
It was a potion of mutation.
You feel extremely strange.
You feel resistant to cold.
You feel your magical essence link to the dungeon's wands.
You feel weaker. The goblin hits you but does no damage.
The goblin hits you with a +0 dagger of electrocution.
You die...

#.#..............................
.....##.#.######.####.##.....###.
..#.......######.##.......#..# #.
.............................###.
..#.###...............###........
#.#.# ###.##.##..#....###.#..###.
#.#.### #.................#..##(.
#.#.#.# ####.###gg.#..###.#......
#.#.#.# #.# #@###..###...)....
#.#.#.# #.# #v###.............
#.#.#.# #.###.................
#.#.#.######..............#.###..
..............................†..
#.#.#.######.###<####.#.#.#.###..
###.#.######.....................
#..............................
###.######.##....##.###.#......


You could see 2 goblins.

Vanquished Creatures
  2 adders (D:2)
  3 dart slugs (D:1)
  9 endoplasms
  3 giant cockroaches
  3 goblins (D:2)
  4 hobgoblins (D:1)
  6 jackals
  5 kobolds
  3 quokkas
  4 ball pythons
  5 bats
  3 frilled lizards
  3 rats
53 creatures vanquished.

Vanquished Creatures (others)
  150 foxfires
150 creatures vanquished.

Grand Total: 203 creatures vanquished

Notes
Turn   | Place    | Note
-------+----------+-------------------------------------------
     0 | D:1      | hawla the Deep Elf Fire Elementalist began the quest for
                  | the Orb.
     0 | D:1      | Reached XP level 1. HP: 10/10 MP: 6/6
   283 | D:1      | Reached XP level 2. HP: 15/15 MP: 0/8
   318 | D:1      | Learned a level 2 spell: Scorch
   511 | D:1      | Reached skill level 4 in Fire Magic
   703 | D:1      | Found Apsautog's General Store.
   901 | D:1      | Reached XP level 3. HP: 16/19 MP: 4/9
  1442 | D:2      | Found Wudwojia's Armour Shoppe.
  1911 | D:2      | Reached XP level 4. HP: 24/24 MP: 5/11
  2629 | D:2      | HP: 1/24 [goblin/+0 dagger of electrocution (14)]
  2630 | D:2      | Gained mutation: Your flesh is cold resistant. (rC+)
                  | [potion of mutation]
  2630 | D:2      | Gained mutation: You expend magic power (3 MP) to
                  | strengthen your wands. [potion of mutation]
  2630 | D:2      | Gained mutation: You are weak. (Str -2) [potion of
                  | mutation]
  2630 | D:2      | Slain by a goblin

Illustrated notes

Levels and vault maps discovered:
D:1:      amcnicky_arrival_single_pillar, layout_basic, serial_shops,
          nicolae_shop_behind_doors, serial_corexii_hall,
          chequers_hall_statues_corner_a, corexii_hall_statues_s,
          corexii_hall_statues_i
D:2:      layout_basic, serial_shops, nicolae_diamond_shop
D:3:      kennysheep_the_goblin_king, layout_loops_corners,
          shapermc_ecumenical_altar_mp_vishouse, portal_sewer_entry_a,
          uniq_robin

Skill      XL: |  1  2  3 |
---------------+----------+-----
Fire Magic     | 4 |  4.5
Conjurations   | 2 |  2.4
Dodging        | |  2.5
Stealth        | |  2.9
Spellcasting   | |  3.6

Action                   |  1- 3 |  4- 6 || total
-------------------------+-------+-------++-------
Melee: Unarmed           |     1 |       ||     1
       Quarterstaff      |     3 |     3 ||     6
 Cast: Foxfire           |    76 |    13 ||    89
       Scorch            |     7 |     3 ||    10
  Use: Scroll            |     2 |       ||     2
       Potion            |       |     1 ||     1
Armor: Robe              |     1 |     5 ||     6
Dodge: Dodged            |    12 |    10 ||    22
